 Dungeon Crawl Stone Soup version 0.21.1-1-g345015f (webtiles) character file.

366 inc the Shield-Bearer (level 6, -3/42 HPs)
             Began as an Octopode Fighter on June 15, 2018.
             Was a Follower of Cheibriados.
             Slain by a gnoll
             ... wielding a +0 whip
              (11 damage)
             ... on level 4 of the Dungeon.
             The game lasted 00:05:14 (4032 turns).

inc the Shield-Bearer (Octopode Fighter)            Turns: 4032, Time: 00:05:15

Health: -3/42      AC:  2    Str: 18    XL:     6   Next: 68%
Magic:  0/6        EV: 13    Int: 12    God:    Cheibriados [*.....]
Gold:   216        SH: 11    Dex: 15    Spells: 5/5 levels left

rFire    + . .     SeeInvis .     - Unarmed
rCold    + . .     Gourm    .   a - +0 shield
rNeg     . . .     Faith    .   l - +1 hat
rPois    +         Spirit   +   u - amulet of guardian spirit
rElec    +         Reflect  .   h - ring of flight
rCorr    +         Harm     .   b - ring of poison resistance
MR       .....                  (no ring)
Stlth    ++........             (no ring)
HPRegen  0.14/turn              (no ring)
MPRegen  0.10/turn              (no ring)
                                (no ring)
                                (no ring)

@: resistant, very slow
A: almost no armour, stealthy swim, amphibious, 8 rings, constrict 8, camouflage
1, gelatinous body 1
a: Bend Time, Renounce Religion, Evoke Flight


You were on level 4 of the Dungeon.
You worshipped Cheibriados.
Cheibriados was aware of your devotion.
You were hungry.

You visited 1 branch of the dungeon, and saw 4 of its levels.

You collected 216 gold pieces.

Inventory:

Missiles
 m - 5 needles of paralysis
 r - 4 curare-tipped needles
Armour
 a - a +0 shield (worn)
 l - a +1 hat (worn)
Jewellery
 b - a ring of poison resistance (right tentacle)
 h - a ring of flight (left tentacle)
 n - an uncursed ring of protection from magic {unknown}
 s - a +2 ring of dexterity {unknown}
 u - an amulet of guardian spirit (around mantle)
Scrolls
 d - 2 scrolls of amnesia {unknown}
 e - 3 scrolls of identify {unknown}
 f - 2 scrolls of enchant weapon {unknown}
 g - a scroll of fear {unknown}
 k - a scroll of teleportation {unknown}
 p - a scroll of fog {unknown}
 q - 2 scrolls of immolation {unknown}
Potions
 i - a potion of mutation {unknown}
 j - a potion of lignification {unknown}
 o - a potion of resistance
 t - a potion of curing {unknown}
Comestibles
 c - 6 rations


   Skills:
 - Level 3.0 Fighting
 - Level 3.0 Dodging
 + Level 7.3 Shields
 - Level 2.0 Unarmed Combat


You had 5 spell levels left.
You didn't know any spells.

Dungeon Overview and Level Annotations

Branches:
Dungeon (4/15)
 Temple: D:4-7

Altars:
Cheibriados
Sif Muna


Innate Abilities, Weirdness & Mutations

You cannot wear most types of armour.
You are very stealthy in the water. (Stealth+)
You are amphibious.
You can wear up to eight rings at the same time.
You can use your tentacles to constrict eight enemies at once.
Your skin changes colour to match your surroundings (Stealth+).
Your rubbery body absorbs attacks. (AC +1, EV +1)


Message History

The scorpion is severely wounded.
You constrict the scorpion, but do no damage.
You block the gnoll's attack. The scorpion barely misses you.
You tentacle-slap the scorpion but do no damage.
The scorpion is severely wounded.
You constrict the scorpion. You block the scorpion's attack.
You tentacle-slap the scorpion.
You kill the scorpion!
Cheibriados appreciates the change of pace.
The gnoll hits you with a whip.
* * * LOW HITPOINT WARNING * * *
You closely miss the gnoll. Your grab misses the gnoll. The gnoll misses you.
You closely miss the gnoll. You grab the gnoll. You constrict the gnoll.
It was a potion of resistance.
You feel protected.
You constrict the gnoll. You block the gnoll's attack.
You tentacle-slap the gnoll.
The gnoll is heavily wounded.
You constrict the gnoll. The gnoll hits you with a whip!
You die...

#..# ..# # .# .#. ..
###.#
##############....
###......##....#†#.###
....###..##....#@#...
.#..# #...#....#g#.#
....# #.#.#....'Sg.#
...## #.#......#.###
##.# #.##.##+##.# #.#
#.##.. ... ... ......#
#.... #.### ####...
#..... #. ..#..#......


You could see 2 gnolls and an adder.

Vanquished Creatures
  2 scorpions (D:4)
  An orc priest (D:3)
  Natasha (thrice) (D:3)
  Terence (D:2)
  4 gnolls (D:2)
  An adder (D:3)
  An ooze (D:3)
  4 worms
  A dart slug (D:1)
  2 leopard geckos
  7 orcs (D:3)
  2 ball pythons
  3 giant cockroaches (D:3)
  8 goblins
  6 hobgoblins
  5 jackals
  8 kobolds
  3 quokkas
  5 bats
  4 frilled lizards
  2 rats (D:3)
73 creatures vanquished.

Notes
Turn   | Place    | Note
-------+----------+-------------------------------------------
     0 | D:1      | inc the Octopode Fighter began the quest for the Orb.
     0 | D:1      | Reached XP level 1. HP: 16/16 MP: 1/1
   320 | D:1      | Reached XP level 2. HP: 21/21 MP: 2/2
   782 | D:1      | Reached skill level 4 in Shields
  1123 | D:2      | Reached XP level 3. HP: 25/26 MP: 3/3
  1286 | D:2      | Found a deep blue altar of Sif Muna.
  1412 | D:2      | Reached XP level 4. HP: 7/31 MP: 4/4
  1607 | D:2      | Reached skill level 5 in Shields
  1609 | D:2      | Noticed Terence
  1618 | D:2      | Killed Terence
  2493 | D:3      | Found a snail-covered altar of Cheibriados.
  2497 | D:3      | Reached XP level 5. HP: 28/36 MP: 5/5
  2503 | D:3      | Became a worshipper of Cheibriados the Contemplative
  2572 | D:3      | Noticed Natasha
  2576 | D:3      | Killed Natasha
  2844 | D:3      | Reached skill level 6 in Shields
  3194 | D:3      | Reached * piety under Cheibriados
  3314 | D:3      | Noticed Natasha
  3322 | D:3      | Killed Natasha
  3322 | D:3      | Reached XP level 6. HP: 25/42 MP: 6/6
  3413 | D:3      | Noticed Natasha
  3420 | D:3      | Killed Natasha
  3852 | D:4      | Reached skill level 7 in Shields
  4032 | D:4      | Slain by a gnoll

Skill      XL: |  1  2  3  4  5  6 |
---------------+-------------------+-----
Shields        | 4 5 6 7 |  7.3
Fighting       | |  3.0
Dodging        | |  3.0
Unarmed Combat | |  2.0

Action                   |  1- 3 |  4- 6 || total
-------------------------+-------+-------++-------
Melee: Unarmed           |    59 |   116 ||   175
       Constrict         |    22 |    35 ||    57
       Tentacles         |    14 |    32 ||    46
       Punch             |       |     4 ||     4
Invok: Bend Time         |       |     1 ||     1
  Use: Potion            |     1 |     1 ||     2
 Stab: Sleeping          |     4 |     5 ||     9
  Eat: Chunk             |     1 |     5 ||     6
       Ration            |       |     1 ||     1
Armor: Skin              |     8 |     4 ||    12
Dodge: Dodged            |    15 |    38 ||    53
Block: Shield            |    19 |    42 ||    61
